 Dungeon Crawl Stone Soup version 0.24.0-1-gfbc8707122 (webtiles) character file.

Game seed: 13984862587174381352, levelgen mode: deterministic

130 Flydiii the Shooter (level 4, 0/35 HPs)
             Began as a Centaur Arcane Marksman on Oct 27, 2019.
             Slain by rlgrobin's ghost (5 damage)
             ... on level 4 of the Dungeon.
             The game lasted 00:13:53 (3149 turns).

Flydiii the Shooter (Centaur Arcane Marksman)       Turns: 3149, Time: 00:13:54

Health: 0/35       AC:  9    Str: 14    XL:     4   Next: 89%
Magic:  5/5        EV:  2    Int: 12    God:
Gold:   250        SH:  0    Dex:  9    Spells: 4/5 levels left

rFire    . . .     SeeInvis .   t - +0 short sword
rCold    . . .     Gourm    .   (no shield)
rNeg     . . .     Faith    .   s - +0 plate armour
rPois    .         Spirit   .   (no helmet)
rElec    .         Reflect  .   (no cloak)
rCorr    .         Harm     .   c - +0 pair of gloves
MR       .....                  (no barding)
Stlth    ..........             (no amulet)
HPRegen  0.11/turn              m - ring of flight
MPRegen  0.09/turn              (no ring)

@: very quick
A: large, hooves 3, deformed body, speed 2, tough skin 3
a: Evoke Flight


You were on level 4 of the Dungeon.
You were not hungry.

You visited 1 branch of the dungeon, and saw 4 of its levels.

You collected 250 gold pieces.

Inventory:

Hand Weapons
 a - a +0 shortbow
 t - a +0 short sword (weapon)
Missiles
 d - 25 arrows (quivered)
 o - 13 bolts
Armour
 c - a +0 pair of gloves (worn)
 e - a +0 robe
 s - a +0 plate armour (worn)
Jewellery
 m - a ring of flight (left hand)
Scrolls
 b - 4 scrolls of identify
 g - a scroll of enchant armour {unknown}
 h - a scroll of noise {unknown}
 i - a scroll of magic mapping {unknown}
 j - 2 scrolls of teleportation {unknown}
 q - a scroll of remove curse
Potions
 k - a potion of flight {unknown}
 l - a potion of ambrosia {unknown}
 n - a potion of berserk rage {unknown}
 p - a potion of curing {unknown}
 r - a potion of heal wounds
Comestibles
 f - 10 rations
 u - a chunk of flesh


   Skills:
 + Level 1.3 Fighting
 + Level 5.5 Bows
 + Level 0.8 Armour
 + Level 1.7 Dodging
 + Level 0.1 Unarmed Combat
 + Level 1.0 Spellcasting
 + Level 3.1 Hexes


You had 4 spell levels left.
You knew the following spells:

 Your Spells              Type           Power        Failure   Level  Hunger
a - Corona                Hex            #......      100%        1    ##.....

Your spell library contained the following spells:

 Spells                   Type           Power        Failure   Level  Hunger
 Slow                     Hex            #.......     100%        2    ###....
 Inner Flame              Hex/Fire       #.......     100%        3    ####...
 Portal Projectile        Hex/Tloc       #.....       100%        3    ####...
 Cause Fear               Hex            #.........   100%        4    #####..
 Leda's Liquefaction      Hex/Erth       #.........   100%        4    #####..


Dungeon Overview and Level Annotations

Branches:
Dungeon (4/15)
 Temple: D:4-7

Altars:

Annotations:
D:4 rlgrobin's ghost, amateur GnSk


Innate Abilities, Weirdness & Mutations

You have hooves in place of feet.
Armour fits poorly on your strangely shaped body.
You cover ground very quickly.
You have extremely tough skin. (AC +3)


Message History

You closely miss rlgrobin's ghost.
You kick rlgrobin's ghost, but do no damage.
Rlgrobin's ghost is moderately damaged.
Rlgrobin's ghost hits you but does no damage.
You hit rlgrobin's ghost but do no damage.
Rlgrobin's ghost is moderately damaged.
Rlgrobin's ghost hits you.
* * * LOW HITPOINT WARNING * * *
You closely miss rlgrobin's ghost.
Rlgrobin's ghost is moderately damaged.
Rlgrobin's ghost hits you but does no damage.
You closely miss rlgrobin's ghost. You kick rlgrobin's ghost.
Rlgrobin's ghost is heavily damaged.
Rlgrobin's ghost hits you but does no damage.
You closely miss rlgrobin's ghost. You kick rlgrobin's ghost.
Rlgrobin's ghost is heavily damaged.
Rlgrobin's ghost hits you.
* * * LOW HITPOINT WARNING * * *
Rlgrobin's ghost hits you.
You die...

.........................# #.#
..............#####.....^###.#
..............#.?.#.........#####
##............#.≈.#...........††.
#............#.≈.#.........#####
#............#.≈.#.........#
#...........##.≈.#.........#
#..........####W##.........#
...............@...........#
...........#..#...##########
...........#.######
...........#.. #######.####.## #.
#.# #. ..# ###


You could see rlgrobin's ghost.

Vanquished Creatures
  7 adders
  2 worms
  2 dart slugs (D:1)
  2 leopard geckos
  A ball python (D:1)
  6 giant cockroaches
  3 goblins
  3 hobgoblins (D:1)
  7 jackals
  3 quokkas
  5 bats
  7 frilled lizards
  3 kobolds
  4 rats
55 creatures vanquished.

Notes
Turn   | Place    | Note
-------+----------+-------------------------------------------
     0 | D:1      | Flydiii the Centaur Arcane Marksman began the quest for the
                  | Orb.
     0 | D:1      | Reached XP level 1. HP: 16/16 MP: 2/2
   141 | D:1      | Reached XP level 2. HP: 22/23 MP: 3/3
   280 | D:1      | Reached skill level 3 in Bows
   797 | D:2      | Reached skill level 4 in Bows
   797 | D:2      | Reached XP level 3. HP: 12/28 MP: 4/4
  1521 | D:2      | Reached XP level 4. HP: 33/35 MP: 5/5
  1576 | D:2      | Reached skill level 5 in Bows
  3068 | D:4      | Found a runed translucent door.
  3070 | D:4      | Noticed rlgrobin's ghost (amateur GnSk)
  3149 | D:4      | Slain by rlgrobin's ghost

Levels and vault maps discovered:
D:1:      evilmike_arrival_run_for_it, layout_loops_ring, due_unseen_surprise
D:2:      layout_basic, nicolae_tso_swordbearing_angel, first_ration,
          minmay_quadrilaterals
D:3:      layout_basic
D:4:      layout_basic, ebering_ghost_reflecting_pool, grunt_dithmenos_shadows

Skill      XL: |  1  2  3  4 |
---------------+-------------+-----
Hexes          | 3 |  3.1
Bows           | 4 5 |  5.5
Fighting       | |  1.3
Armour         | |  0.8
Dodging        | |  1.7
Unarmed Combat | |  0.1
Spellcasting   | |  1.0

Action                   |  1- 3 |  4- 6 || total
-------------------------+-------+-------++-------
Melee: Unarmed           |    55 |   120 ||   175
       Kick              |     7 |    38 ||    45
       Short sword       |       |    37 ||    37
       Shortbow          |       |    23 ||    23
 Fire: Shortbow          |   104 |    29 ||   133
 Cast: Corona            |     2 |     1 ||     3
  Use: Potion            |     1 |       ||     1
       Scroll            |       |     2 ||     2
  Eat: Chunk             |     1 |     5 ||     6
Armor: Robe              |     1 |       ||     1
       Chain mail        |    93 |   167 ||   260
       Plate armour      |       |    56 ||    56
Dodge: Dodged            |    18 |    42 ||    60
